 Dungeon Crawl Stone Soup version 0.30-a0-311-gf115ab0292 (webtiles) character file.

Game seed: 370126048155535831

11454 jasper the Cruncher (level 11, -14/83 HPs)
             Began as a Demonspawn Berserker on Oct 25, 2022.
             Was an Elder of Trog.
             Demolished by a two-headed ogre
             ... wielding a +0 giant club
              (22 damage)
             ... on level 11 of the Dungeon.
             The game lasted 00:27:23 (12541 turns).

jasper the Cruncher (Demonspawn Berserker)         Turns: 12541, Time: 00:27:24

Health: -14/83     AC: 16    Str: 17    XL:     11   Next: 49%
Magic:  11/11      EV:  9    Int:  8    God:    Trog [****..]
Gold:   151        SH:  5    Dex: 18    Spells: 10/10 levels left

rFire   . . .      SeeInvis .    F - +0 lajatang
rCold   + . .      Faith    .    (shield currently unavailable)
rNeg    + . .      Spirit   .    J - +0 chain mail
rPois   .          Reflect  +    (helmet unavailable)
rElec   .          Harm     .    k - +1 cloak
rCorr   .          Rampage  .    (no gloves)
Will    +....                    r - +3 pair of mountain boots {steadfast, rC+}
Stlth   ..........               o - amulet of reflection
HPRegen 2.33/turn                l - ring of positive energy
MPRegen 0.12/turn                x - ring of willpower

@: no status effects
A: horns 3, foul stench 2, powered by death 1
a: Renounce Religion, Berserk, Trog's Hand, Brothers in Arms


You were on level 11 of the Dungeon.
You worshipped Trog.
Trog was greatly pleased with you.
You visited 1 branch of the dungeon, and saw 11 of its levels.
You also visited: Ossuary.

You collected 784 gold pieces.
You spent 633 gold pieces at shops.

Inventory:

Hand Weapons
 a - a +0 mace
 j - a +0 whip
 v - a +1 whip of flaming
 y - a +2 antimagic hand axe
 F - a +0 lajatang (weapon)
Missiles
 c - 48 stones (quivered)
 s - 33 poisoned darts
 u - 5 boomerangs
 P - 7 silver javelins
 S - 3 curare-tipped darts
Armour
 b - a +0 animal skin
 d - a +0 leather armour
 k - a +1 cloak (worn)
 p - a +0 ring mail
 r - the +3 pair of mountain boots (worn) {steadfast, rC+}
   (You acquired it on level 5 of the Dungeon)

   It prevents involuntary movement, except for blinking, teleportation, or
   banishment.
   rC:        It protects you from cold.
 B - a +0 crystal plate armour
 J - a +0 chain mail (worn)
Jewellery
 l - a ring of positive energy (left hand)
 o - an amulet of reflection (around neck)
 x - a ring of willpower (right hand)
 L - a +4 ring of slaying
Wands
 w - a wand of flame (50)
 E - a wand of roots (2)
 H - a wand of light (8)
Scrolls
 f - 3 scrolls of blinking
 z - 6 scrolls of teleportation
 G - 2 scrolls of magic mapping
 I - 2 scrolls of vulnerability
 M - a scroll of fear
 N - 2 scrolls of poison
 O - a scroll of identify
 Q - a scroll of enchant armour
 R - a scroll of immolation
Potions
 e - 2 potions of might
 g - 8 potions of curing
 h - 2 potions of attraction
 i - 3 potions of flight
 m - 2 potions of lignification
 n - a potion of cancellation
 q - 6 potions of haste
 t - 2 potions of brilliance
 A - 2 potions of degeneration
 C - 2 potions of magic
 D - 7 potions of ambrosia
 K - a potion of berserk rage {unknown}


   Skills:
 - Level 6.6 Fighting
 - Level 10.0(11.9) Maces & Flails
 + Level 10.5(12.2) Staves
 - Level 5.6 Armour
 - Level 5.5 Dodging


You had 10 spell levels left.
You didn't know any spells.
Your spell library was empty.

Dungeon Overview and Level Annotations

Branches:
Dungeon (11/15)            Temple (0/1) D:5            Lair (0/5) D:10
Ossuary (visited)
    Orc: D:9-12

Altars:
Fedhas
Hepliaklqana
Kikubaaqudgha
Makhleb
Okawaru
Qazlal
Sif Muna
Trog
Wu Jian
Yredelemnul

Shops:
D:1 :   D:5 =   D:8 ?   D:9 !

Annotations:
D:8 3 runed translucent doors, Taurus's ghost, novice MiFi


Innate Abilities, Weirdness & Mutations

You have a pair of large horns on your head.
You sometimes emit foul miasma when damaged in melee.
You regenerate a little health from kills.


Message History

The two-headed ogre hits you with a +0 giant club!
You block the two-headed ogre's attack.
You take 15 damage, and have 43/83 hp.
You barely miss the yak. You headbutt the yak.
The yak is heavily wounded.
The yak gores you.
You take 3 damage, and have 40/83 hp.
You slice the yak!!
You kill the yak!
Trog accepts your kill.
You block the two-headed ogre's attack. x2
You hit the yak.
The yak is lightly wounded.
You block the yak's attack.
You hit the yak. You headbutt the yak!
The yak is heavily wounded.
The two-headed ogre hits you with a +0 giant club!
You emit a cloud of foul miasma!
The two-headed ogre hits you with a +0 giant club!
* * * LOW HITPOINT WARNING * * *
You block the yak's attack.
You slash the yak! You headbutt the yak, but do no damage.
The yak is almost dead.
You slice the yak!!
You kill the yak!
Trog accepts your kill.
The two-headed ogre is engulfed in dark miasma.
The two-headed ogre is poisoned.
The two-headed ogre seems to slow down.
The two-headed ogre hits you with a +0 giant club!!
* * * LOW HITPOINT WARNING * * *
The two-headed ogre hits you but does no damage.
You barely miss the yak. Your headbutt misses the yak.
The two-headed ogre is no longer moving slowly.
You block the yak's attack.
You slash the yak! You headbutt the yak.
The yak is heavily wounded.
The two-headed ogre is engulfed in dark miasma.
The two-headed ogre looks even sicker.
The two-headed ogre hits you with a +0 giant club!!
You die...

#..#
#..###.###.#
#..#
##......#
#.#.
.#.#.#.###
.........##
#.#.#.#.#.#
.........#
#.#.#.#.#.#
# ###...O##
####@# #Y#
#Y# #Y#
#.....YY.
###...#YY
.([YY. .####
.#


You could see a two-headed ogre (very poisoned) and 3 yaks.

Vanquished Creatures
  Josephine (D:11)
  Erica (D:8)
  2 two-headed ogres
  Pikel (D:4)
  A kobold demonologist (D:9)
  Prince Ribbit (D:5)
  Sigmund (D:4)
  A wyvern (D:7)
  3 wraiths (D:11)
  A shadow (D:10)
  9 yaks
  A vampire (D:10)
  3 steam dragons
  Menkaure (D:4)
  Duvessa (D:7)
  3 water moccasins
  3 orc warriors
  6 centaurs
  2 lemures (D:4)
  2 kobold brigands
  4 necrophages
  3 bullfrogs
  12 scorpions
  5 wights
  Dowan (D:7)
  17 killer bees
  A howler monkey (D:10)
  A hound (D:4)
  A gnoll bouda (D:9)
  2 human zombies
  9 orc priests
  A jelly (D:8)
  4 scorpion zombies
  4 iguanas
  13 orc wizards
  2 hound zombies (D:4)
  5 mummies
  A howler monkey zombie (D:4)
  4 gnolls (D:9)
  7 adders
  A shadow imp (D:6)
  An adder zombie (D:4)
  2 worms
  A dart slug (D:3)
  26 orcs
  7 ball pythons
  4 endoplasms
  5 giant cockroaches
  2 gnoll zombies (Ossuary)
  5 hobgoblins
  5 jackals
  21 kobolds
  A quokka (D:5)
  7 bats
  5 frilled lizards
  11 goblins
  A hobgoblin zombie (Ossuary)
  4 kobold zombies (Ossuary)
  3 orc zombies (Ossuary)
  4 rats
257 creatures vanquished.

Vanquished Creatures (collateral kills)
  Urug (D:10)
1 creature vanquished.

Grand Total: 258 creatures vanquished

Notes
Turn   | Place    | Note
-------+----------+-------------------------------------------
     0 | D:1      | jasper the Demonspawn Berserker began the quest for the
                  | Orb.
     0 | D:1      | Reached XP level 1. HP: 18/18 MP: 1/1
   638 | D:1      | Gained mutation: You have a pair of small horns on your
                  | head. [demonic ancestry]
   638 | D:1      | Reached XP level 2. HP: 24/24 MP: 2/2
  1020 | D:1      | Found Hufiecs's Book Emporium.
  1693 | D:2      | Reached XP level 3. HP: 29/29 MP: 3/3
  1772 | D:2      | Found a faded altar of an unknown god.
  1892 | D:2      | Reached ** piety under Trog
  2413 | D:3      | Reached XP level 4. HP: 35/35 MP: 4/4
  2870 | D:3      | Found a hazy altar of Hepliaklqana.
  2908 | D:3      | Found an ornate altar of the Wu Jian Council.
  3517 | D:5      | Entered Level 5 of the Dungeon
  3517 | D:5      | Noticed a lemure
  3589 | D:4      | Noticed Menkaure
  3908 | D:4      | Reached skill level 5 in Maces & Flails
  3920 | D:3      | Reached XP level 5. HP: 30/41 MP: 5/5
  4333 | D:5      | Noticed Pikel
  4333 | D:5      | Noticed a lemure
  4335 | D:5      | Noticed a lemure
  4339 | D:4      | Killed a lemure
  4353 | D:4      | Killed a lemure
  4385 | D:5      | Noticed a lemure
  4401 | D:4      | Killed Pikel
  4402 | D:4      | Gained mutation: You have a pair of horns on your head.
                  | [demonic ancestry]
  4402 | D:4      | Reached XP level 6. HP: 19/47 MP: 6/6
  4402 | D:4      | Reached XP level 7. HP: 22/52 MP: 7/7
  4572 | D:4      | Killed Menkaure
  4760 | D:4      | Noticed Sigmund
  4771 | D:4      | Killed Sigmund
  4774 | D:4      | Found an ancient bone altar of Kikubaaqudgha.
  4793 | D:4      | Gained mutation: You regenerate a little health from kills.
                  | [demonic ancestry]
  4793 | D:4      | Reached XP level 8. HP: 54/58 MP: 8/8
  4990 | D:5      | Identified a scroll of acquirement
  4990 | D:5      | Acquired the +3 pair of mountain boots {steadfast, rC+}
  4990 | D:5      | Found the +3 pair of mountain boots {steadfast, rC+}
  5171 | D:5      | Noticed Prince Ribbit
  5188 | D:5      | Killed Prince Ribbit
  5189 | D:5      | Reached skill level 10 in Maces & Flails
  5267 | D:5      | Found Pocigahi's Jewellery Boutique.
  5370 | D:5      | Reached *** piety under Trog
  5935 | D:5      | Found a staircase to the Ecumenical Temple.
  5953 | D:5      | Found a burning altar of Makhleb.
  6130 | D:5      | Found a bloodstained altar of Trog.
  6475 | D:6      | Gained mutation: You may rarely emit foul miasma when
                  | damaged in melee. [demonic ancestry]
  6475 | D:6      | Reached XP level 9. HP: 63/66 MP: 9/9
  6557 | D:6      | Found a sand-covered staircase.
  6561 | Ossuary  | Entered an ossuary
  6806 | Ossuary  | Reached skill level 5 in Fighting
  6876 | Ossuary  | Reached **** piety under Trog
  7179 | D:6      | Found a blossoming altar of Fedhas.
  7668 | D:7      | Noticed Dowan
  7669 | D:7      | Noticed Duvessa
  7695 | D:7      | Killed Duvessa
  7918 | D:7      | Reached skill level 5 in Armour
  7918 | D:7      | Reached skill level 5 in Dodging
  8015 | D:7      | Killed Dowan
  8387 | D:7      | Gained mutation: You sometimes emit foul miasma when
                  | damaged in melee. [demonic ancestry]
  8387 | D:7      | Reached XP level 10. HP: 77/77 MP: 10/10
  8831 | D:7      | Found a basalt altar of Yredelemnul.
  8831 | D:7      | Found a shimmering blue altar of Sif Muna.
  9128 | D:8      | Found a runed translucent gate.
  9128 | D:8      | Found a runed translucent gate.
  9129 | D:8      | Noticed Taurus's ghost (novice MiFi)
  9130 | D:8      | Found a runed translucent gate.
  9161 | D:8      | Noticed a black mamba
  9170 | D:8      | Noticed a two-headed ogre
  9183 | D:8      | Killed a two-headed ogre
  9201 | D:8      | Noticed a lindwurm
  9392 | D:8      | Noticed Erica
  9400 | D:8      | Killed Erica
  9401 | D:8      | Reached skill level 5 in Staves
  9888 | D:8      | Found Wucy's Magic Scroll Boutique.
  9891 | D:8      | Bought a scroll of identify for 24 gold pieces
  9891 | D:8      | Bought a scroll of teleportation for 36 gold pieces
  9891 | D:8      | Bought a scroll of identify for 24 gold pieces
  9891 | D:8      | Bought a scroll of fear for 48 gold pieces
  9891 | D:8      | Bought a scroll of vulnerability for 48 gold pieces
  9891 | D:8      | Bought a scroll of poison for 48 gold pieces
  9958 | D:8      | Noticed an alligator snapping turtle
  9971 | D:8      | an alligator snapping turtle changed into a fire giant
  9971 | D:8      | Noticed a fire giant (shapeshifter)
 10067 | D:9      | Found Hinuug's Distillery.
 10075 | D:9      | Bought a potion of curing for 45 gold pieces
 10075 | D:9      | Bought a potion of ambrosia for 120 gold pieces
 10075 | D:9      | Bought 2 potions of ambrosia for 240 gold pieces
 10195 | D:9      | Found an iron altar of Okawaru.
 10517 | D:9      | Found a stormy altar of Qazlal.
 11076 | D:10     | Entered Level 10 of the Dungeon
 11081 | D:9      | Gained mutation: You have a pair of large horns on your
                  | head. [demonic ancestry]
 11081 | D:9      | Reached XP level 11. HP: 78/83 MP: 11/11
 11407 | D:10     | Noticed Urug
 11424 | D:10     | Killed Urug
 11837 | D:10     | Noticed a two-headed ogre
 11843 | D:10     | Killed a two-headed ogre
 12066 | D:10     | Found a staircase to the Lair.
 12424 | D:11     | Noticed Josephine
 12429 | D:11     | Killed Josephine
 12430 | D:11     | Reached skill level 10 in Staves
 12524 | D:11     | Noticed a two-headed ogre
 12541 | D:11     | Demolished by a two-headed ogre

Illustrated notes

Levels and vault maps discovered:
D:1:      dpeg_arrival_water_temple_mockup, layout_basic, serial_shops,
          nicolae_shop_window_shopping
D:2:      layout_loops_ring, hellmonk_ecumenical_altar_prayer_group,
          minmay_heptomino_o4
D:3:      layout_rooms, worldfamousw_hep_ancestral_shrine,
          nzn_wu_jian_council_hall
D:4:      layout_cave_pools, lemuel_mausoleum_altar_kikubaaqudgha,
          uniq_menkaure, uniq_sigmund
D:5:      layout_layer_cave, kennysheep_little_box, trog_antimagical,
          temple_statues, serial_shops, nicolae_lakefront_shop,
          kennysheep_another_room, uniq_pikel, uniq_prince_ribbit1
D:6:      layout_gridville, fedhas_altar_1, enter_ossuary_5
D:7:      layout_basic, mainiacjoe_overflow_divided_tiny,
          nicolae_figureground_pulse, uniq_duvessa
D:8:      layout_gridville, serial_shops, kennysheep_mini,
          gammafunk_ghost_split, serial_park_tiny_2, uniq_erica
D:9:      layout_irregular_city, old_standard_altar,
          mainiacjoe_overflow_boulevard, serial_shops, shop
D:10:     layout_irregular_city, lair_entry_dummy, minmay_fountain_box,
          uniq_urug
D:11:     layout_loops_ring, st_stairs_13, uniq_josephine, uniq_lodul

Skill      XL: |  1  2  3  4  5  6  7  8  9 10 11 |
---------------+----------------------------------+-----
Maces & Flails | 3 4 5 7 9 10 | 10.0
Armour         | 3 5 |  5.6
Dodging        | 3 5 |  5.5
Fighting       | 4 6 |  6.6
Staves         | 8 10 | 10.5

Action                   |  1- 3 |  4- 6 |  7- 9 | 10-12 || total
-------------------------+-------+-------+-------+-------++-------
Melee: Mace              |    79 |       |       |       ||    79
       Punch             |     1 |       |     4 |     3 ||     8
       Headbutt          |    11 |    20 |   105 |    82 ||   218
       Whip              |    53 |   113 |   434 |   141 ||   741
       Lajatang          |       |       |       |   194 ||   194
Throw: Stone             |    10 |    22 |     8 |       ||    40
       Dart              |       |     6 |     6 |       ||    12
Invok: Berserk           |     1 |     2 |     5 |     4 ||    12
       Trog's Hand       |       |       |     4 |     3 ||     7
       Brothers in Arms  |       |       |       |     1 ||     1
Evoke: Wand              |       |       |       |     3 ||     3
  Use: Scroll            |     3 |     2 |    11 |     5 ||    21
       Potion            |       |     1 |     1 |       ||     2
 Stab: Sleeping          |       |     1 |       |       ||     1
Armor: Leather armour    |    44 |     6 |       |       ||    50
       Animal skin       |     2 |       |       |       ||     2
       Ring mail         |       |    16 |    98 |     4 ||   118
       Chain mail        |       |       |       |   193 ||   193
Dodge: Dodged            |    84 |    45 |   127 |   146 ||   402
Block: Other             |       |    11 |    44 |    83 ||   138
       Reflection        |       |       |     2 |     2 ||     4

Table legend: (Time is in decaauts)
 A = Elapsed time spent in this place.
 B = Non-inter-level travel time spent in this place.
 C = Inter-level travel time spent in this place.
 D = Time resting spent in this place.
 E = Time spent auto-exploring this place.
 F = Levels seen in this place.
 G = Mean time per level.
                   A        B        C        D        E       F      G
               +--------+--------+--------+--------+--------+-----+--------+
         Total |  12403 |  12055 |    348 |   2173 |   7549 |  12 | 1033.6 |
       Dungeon |  11975 |  11627 |    348 |   2107 |   7434 |  11 | 1088.6 |
       Ossuary |    428 |    428 |      0 |     66 |    115 |   1 |  428.0 |
               +--------+--------+--------+--------+--------+-----+--------+

Top non-repeatable levels by time:
     D:4: 1595 daAuts
     D:1: 1346 daAuts
     D:5: 1342 daAuts
     D:7: 1310 daAuts
    D:10: 1208 daAuts
     D:9: 1203 daAuts
     D:2: 1081 daAuts
     D:6: 985 daAuts
     D:8: 891 daAuts
     D:3: 880 daAuts
 Ossuary: 428 daAuts
    D:11: 129 daAuts
